 Dungeon Crawl Stone Soup version 0.27-a0-1559-g299f9947c5 (webtiles) character file.

Game seed: 14076670058575446132

202 Lemonice the Skirmisher (level 6, -2/48 HPs)
             Began as a Formicid Abyssal Knight on July 16, 2021.
             Was a Believer of Lugonu.
             Slain by a black bear (5 damage)
             ... on level 4 of the Dungeon.
             The game lasted 00:06:52 (4291 turns).

Lemonice the Skirmisher (Formicid Abyssal Knight)   Turns: 4291, Time: 00:06:54

Health: -2/48      AC:  4    Str: 21    XL:     6   Next: 8%
Magic:  8/8        EV:  9    Int: 12    God:    Lugonu [**....]
Gold:   104        SH:  9    Dex: 10    Spells: 5/5 levels left

rFire    . . .     SeeInvis +   a - +2 hand axe
rCold    . . .     Faith    .   d - +0 kite shield
rNeg     . . .     Spirit   .   b - +0 leather armour
rPois    .         Reflect  .   (helmet unavailable)
rElec    .         Harm     .   (no cloak)
rCorr    .         Rampage  .   f - +0 pair of gloves {Str+3}
Will     .....                  (no boots)
Stlth    +.........             (no amulet)
HPRegen  0.16/turn              (no ring)
MPRegen  0.11/turn              (no ring)

@: mighty
A: permanent stasis, dig shafts and tunnels, antennae 3, four strong arms
a: Dig, Shaft Self, Renounce Religion, Depart the Abyss, Bend Space


You were on level 4 of the Dungeon.
You worshipped Lugonu.
Lugonu was pleased with you.
You visited 1 branch of the dungeon, and saw 4 of its levels.
You visited the Abyss 1 time.

You collected 104 gold pieces.

Inventory:

Hand Weapons
 a - a +2 hand axe (weapon)
Armour
 b - a +0 leather armour (worn)
 d - a +0 kite shield (worn)
 f - a +0 pair of gloves of strength (worn)
Jewellery
 j - a ring of resist corrosion
 n - a ring of see invisible
Potions
 c - a potion of heal wounds {unknown}
 e - a potion of lignification
 g - 3 potions of berserk rage
 h - a potion of invisibility
 i - a potion of might
 k - a potion of degeneration {unknown}
 l - a potion of flight {unknown}


   Skills:
 + Level 4.0 Fighting
 * Level 3.4 Axes
 + Level 3.2 Armour
 - Level 1.1 Dodging
 * Level 2.8 Shields
 + Level 3.3 Invocations


You had 5 spell levels left.
You didn't know any spells.
Your spell library contained the following spells:

 Spells                   Type           Power      Damage    Failure   Level
 Summon Guardian Golem    Hex/Summ       0%         N/A       99%         3
 Orb of Destruction       Conj           0%         N/A       100%        7
 Spellforged Servitor     Conj/Summ      0%         N/A       100%        7


Dungeon Overview and Level Annotations

Branches:
Dungeon (4/15)
 Temple: D:4-7

Altars:
The Shining One

Shops:
D:3 [


Innate Abilities, Weirdness & Mutations

You cannot be hasted, slowed, berserked, paralysed or teleported.
You can dig through walls and to a lower floor.
You have a pair of large antennae on your head. (SInv)
Your four strong arms can wield two-handed weapons with a shield.


Message History

You block the black bear's attack.
The black bear claws you but does no damage.
You block the black bear's attack.
The black bear bites you but does no damage.
The black bear claws you but does no damage.
The black bear barely misses you.
You closely miss the black bear.
The black bear is heavily wounded.
The black bear bites you. You block the black bear's attack.
The black bear claws you.
Your shield prevents you from hitting the black bear.
The black bear is heavily wounded.
You block the black bear's attack.
The black bear claws you but does no damage.
The black bear claws you.
You hit the black bear.
The black bear is severely wounded.
The black bear bites you. You block the black bear's attack.
The black bear claws you but does no damage.
The black bear bites you! You block the black bear's attack.
The black bear claws you but does no damage.
You barely miss the black bear.
The black bear is severely wounded.
The black bear bites you. You block the black bear's attack.
The black bear claws you.
* * * LOW HITPOINT WARNING * * *
You hit the black bear.
The black bear is almost dead.
The black bear closely misses you. x2; You block the black bear's attack.
Unknown command.
You feel very mighty all of a sudden.
The black bear goes berserk!
You hit the black bear.
The black bear is almost dead.
The black bear barely misses you.
The black bear claws you but does no damage.
You block the black bear's attack. The black bear bites you!
* * * LOW HITPOINT WARNING * * *
The black bear barely misses you. The black bear claws you.
You die...

####...##.#
##......#..
####...##.#
#........#
........'..#
##........#.
........####
#.#.........
#.......##
#.#.......##
##.......
####.#..#..#.####.
###..#..
#..........#......
....#.[
####h#.....#.#....
......
#...@..).......#
..
#.#######......##.
..
................
...
................
##
#..##..##.....##
.. .... .#..## #.
..##.. .#...# #. .
... .. >..... .##.
.# .##..#


You could see a black bear (berserk).

Vanquished Creatures
  A necrophage (D:4)
  3 adders (D:2)
  An ufetubus (D:4)
  A worm (D:2)
  4 dart slugs
  9 bats
  7 endoplasms
  5 giant cockroaches
  4 goblins
  2 hobgoblins
  5 quokkas
  9 ball pythons
  2 frilled lizards (D:1)
  8 kobolds
  6 rats
  A spectral hobgoblin (D:1)
68 creatures vanquished.

Notes
Turn   | Place    | Note
-------+----------+-------------------------------------------
     0 | Abyss:1  | Lemonice the Formicid Abyssal Knight began the quest for
                  | the Orb.
     0 | Abyss:1  | Reached XP level 1. HP: 18/18 MP: 2/2
     1 | Abyss:1  | Found a corrupted altar of Lugonu.
    68 | Abyss:1  | Noticed a raiju
    70 | D:1      | Escaped the Abyss
   149 | D:1      | Reached skill level 1 in Dodging
   167 | D:1      | Reached XP level 2. HP: 5/24 MP: 3/3
   887 | D:1      | Reached XP level 3. HP: 16/29 MP: 4/4
  1040 | D:1      | Reached * piety under Lugonu
  1244 | D:1      | Found a faded altar of an unknown god.
  2452 | D:2      | HP: 1/28 [poisoned by an adder]
  2454 | D:2      | Reached skill level 1 in Shields
  2454 | D:2      | Reached XP level 4. HP: 2/36 MP: 6/6
  3508 | D:3      | Found Xaol Mitt's Antique Armour Shop.
  3599 | D:3      | Reached XP level 5. HP: 41/42 MP: 7/7
  3791 | D:3      | Identified a scroll of acquirement
  3791 | D:3      | Acquired a +0 pair of gloves of strength
  3904 | D:3      | Reached ** piety under Lugonu
  4118 | D:4      | Noticed a black bear
  4210 | D:4      | Found a glowing golden altar of the Shining One.
  4236 | D:4      | Noticed a necrophage
  4248 | D:4      | Killed a necrophage
  4249 | D:4      | Reached skill level 4 in Fighting
  4249 | D:4      | Reached XP level 6. HP: 35/48 MP: 8/8
  4253 | D:4      | Noticed a black bear
  4291 | D:4      | Slain by a black bear

Illustrated notes

Levels and vault maps discovered:
D:1:      scummos_arrival_forest, layout_loops_ring,
          dreamdust_ecumenical_altar_drowned_temple
D:2:      layout_rooms, grunt_ministairs_10
D:3:      layout_loops_ring, serial_shops, nicolae_shop_waterfront,
          hangedman_decor_push
D:4:      layout_basic, mainiacjoe_overflow_six_doors_small,
          trog_ov_bears_minmay, chequers_temple_overflow_statue_of_worship,
          lemuel_crystal_altar, lemuel_tele_altar, nzn_random_ring

Skill      XL: |  1  2  3  4  5 |
---------------+----------------+-----
Dodging        | 1 |  1.1
Shields        | 1 2 |  2.8
Invocations    | 3 |  3.3
Axes           | 3 |  3.4
Armour         | 3 |  3.2
Fighting       | 4 |  4.0

Action                   |  1- 3 |  4- 6 || total
-------------------------+-------+-------++-------
Melee: Hand axe          |   131 |   129 ||   260
Invok: Depart the Abyss  |     1 |       ||     1
  Use: Scroll            |       |     7 ||     7
       Potion            |       |     1 ||     1
 Stab: Sleeping          |     1 |       ||     1
Armor: Leather armour    |    54 |    41 ||    95
Dodge: Dodged            |   104 |    65 ||   169
Block: Kite shield       |    16 |    69 ||    85

Table legend: (Time is in decaauts)
 A = Elapsed time spent in this place.
 B = Non-inter-level travel time spent in this place.
 C = Inter-level travel time spent in this place.
 D = Time resting spent in this place.
 E = Time spent auto-exploring this place.
 F = Levels seen in this place.
 G = Mean time per level.
                   A        B        C        D        E       F      G
               +--------+--------+--------+--------+--------+-----+--------+
         Total |   4387 |   4263 |    124 |      0 |   3423 |   5 |  877.4 |
       Dungeon |   4317 |   4193 |    124 |      0 |   3423 |   4 | 1079.2 |
         Abyss |     70 |     70 |      0 |      0 |      0 |   1 |   70.0 |
               +--------+--------+--------+--------+--------+-----+--------+

Top non-repeatable levels by time:
     D:1: 2191 daAuts
     D:2: 1294 daAuts
     D:3: 685 daAuts
     D:4: 146 daAuts
 Abyss:1: 70 daAuts
